 Dungeon Crawl Stone Soup version 0.29.0-4-gdea44cf6ec (webtiles) character file.

Game seed: 9744237359386175600

275 qw the Chopper (level 6, 0/38 HPs)
             Began as a Gargoyle Fighter on Sept 8, 2022.
             Slain by Edmund
             ... wielding a +1 flail of holy wrath
              (6 damage)
             ... on level 4 of the Dungeon.
             The game lasted 00:01:25 (3472 turns).

qw the Chopper (Gargoyle Fighter)                   Turns: 3472, Time: 00:01:26

Health: 0/38       AC: 13    Str: 22    XL:     6   Next: 25%
Magic:  6/6        EV:  7    Int:  8    God:
Gold:   101        SH:  4    Dex:  9    Spells: 5/5 levels left

rFire   . . .      SeeInvis +   i - +1 war axe (drain)
rCold   + . .      Faith    .   c - +0 buckler
rNeg    + . .      Spirit   .   j - +0 chain mail
rPois   inf        Reflect  .   (no helmet)
rElec   +          Harm     .   (no cloak)
rCorr   .          Rampage  .   (no gloves)
Will    .....                   (no boots)
Stlth   ..........              (no amulet)
HPRegen 0.12/turn               n - ring of see invisible
MPRegen 0.10/turn               e - ring of protection from cold

@: no status effects
A: sickness immunity, AC +4, negative energy resistance 1, electricity
resistance, torment resistance 1, petrification resistance
a: no special abilities


You were on level 4 of the Dungeon.
You visited 1 branch of the dungeon, and saw 4 of its levels.

You collected 101 gold pieces.


Innate Abilities, Weirdness & Mutations

You are immune to sickness and miasma.
Your stone body is resilient. (AC +4)
You are immune to poison.
You resist negative energy. (rN+)
You are resistant to electric shocks. (rElec)
You are resistant to unholy torment.
You are immune to petrification.


   Skills:
 - Level 4.1 Fighting
 + Level 5.4 Axes
 - Level 3.2 Armour
 - Level 3.2 Shields


You had 5 spell levels left.
You didn't know any spells.
Your spell library was empty.

Inventory:

Hand Weapons
 f - a +0 flail
 i - a +1 war axe of draining (weapon)
Armour
 c - a +0 buckler (worn)
 j - a +0 chain mail (worn)
Jewellery
 e - a ring of protection from cold (right hand)
 n - a ring of see invisible (left hand)
 Y - a ring of willpower
Scrolls
 l - 2 scrolls of identify
Potions
 a - a potion of cancellation
 b - a potion of lignification {unknown}
 d - a potion of might
 g - 2 potions of attraction
 k - a potion of curing
 m - a potion of invisibility {unknown}

Dungeon Overview and Level Annotations

Branches:
Dungeon (4/15)
 Temple: D:4-7

Altars:
Cheibriados
Elyvilon
Qazlal
Trog
Zin

Annotations:
D:4 Edmund


Message History

You hit Edmund. You drain Edmund.
Edmund is moderately wounded.
Edmund hits you with a +1 flail of holy wrath.
You slash Edmund!
Edmund is heavily wounded.
Edmund hits you with a +1 flail of holy wrath.
Edmund hits you with a +1 flail of holy wrath!
You hit Edmund.
Edmund is heavily wounded.
Edmund drinks a potion.
Edmund is healed!
You barely miss Edmund.
Edmund is moderately wounded.
Edmund says, "People accused me of being a cutpurse!"
Edmund closely misses you.
You hit Edmund. You drain Edmund.
Edmund is moderately wounded.
Edmund closely misses you.
You slash Edmund!
Edmund is heavily wounded.
Edmund hits you with a +1 flail of holy wrath.
You block Edmund's attack.
You barely miss Edmund.
Edmund is heavily wounded.
Edmund closely misses you.
You slash Edmund!
Edmund is almost dead.
Edmund hits you but does no damage.
You hit Edmund.
Edmund is almost dead.
Edmund hits you with a +1 flail of holy wrath.
You closely miss Edmund.
Edmund is almost dead.
Edmund hits you but does no damage. x2
You closely miss Edmund.
Edmund is almost dead.
Edmund barely misses you.
You barely miss Edmund.
Edmund is almost dead.
Edmund hits you with a +1 flail of holy wrath.
You die...

..7..#
.....# ##
..... .#
#.#.# .# #
#.#.# .##
###..
#.#.#
(.####....
#@#.#
#...#..#
#@..#
###...#
#...#
###...#
#._.#
#...#..#
#...#
..####.#
#...# .##
..# #.#.#
..## ...
#.#.# #..#
###. #.#.#
##.####


You could see Edmund (very drained).

Vanquished Creatures
  An orc priest (D:4)
  2 orc wizards (D:4)
  7 gnolls
  6 adders
  A dart slug (D:2)
  10 ball pythons
  5 bats
  9 endoplasms
  2 giant cockroaches (D:1)
  5 goblins
  9 hobgoblins
  5 quokkas
  5 frilled lizards
  5 kobolds
  4 rats
76 creatures vanquished.

Vanquished Creatures (others)
  3 withered plants (D:3)
3 creatures vanquished.

Grand Total: 79 creatures vanquished

Notes
Turn   | Place    | Note
-------+----------+-------------------------------------------
     0 | D:1      | qw the Gargoyle Fighter began the quest for the Orb.
     0 | D:1      | Reached XP level 1. HP: 14/14 MP: 1/1
     0 | D:1      | 0 ||| qw: Version: 0.1-a-112-g44dc6cd
     0 | D:1      | 0 ||| qw: Game counter: 6702
     0 | D:1      | 0 ||| qw: Always use a shield: true
     0 | D:1      | 0 ||| qw: God list: Okawaru
     0 | D:1      | 0 ||| qw: Allow faded altars: false
     0 | D:1      | 0 ||| qw: Do Orc after D:15 true
     0 | D:1      | 0 ||| qw: Do second Lair branch before Depths: true
     0 | D:1      | 0 ||| qw: Lair rune preference: random
     0 | D:1      | 0 ||| qw: Plans: Normal, Zot, God:TSO, Crypt, Tomb, Zig,
                  | Orb
     0 | D:1      | 0 ||| PLANNING D:1-11
    80 | D:1      | Reached skill level 2 in Axes
   101 | D:1      | Reached XP level 2. HP: 14/19 MP: 2/2
   202 | D:1      | You fall into a shaft and drop 1 floor!
   210 | D:2      | Found a stormy altar of Qazlal.
   398 | D:2      | Reached skill level 3 in Axes
   416 | D:2      | Reached XP level 3. HP: 15/23 MP: 3/3
   571 | D:2      | 571 ||| DROPPING ring of flight.
   572 | D:2      | 572 ||| UPGRADING to ring of protection from cold.
   573 | D:2      | 573 ||| READING scroll labelled UDAOCI YMMIJ.
   574 | D:2      | 574 ||| READING scroll labelled WEARPH JIYPRU.
   575 | D:2      | 575 ||| READING 2 scrolls labelled MEURIURIJ ZORA.
   576 | D:2      | 576 ||| READING scroll labelled JUVUUPSUBLI.
   920 | D:1      | 920 ||| DROPPING +0 club.
  1151 | D:1      | 1151 ||| UPGRADING to ring of willpower.
  1152 | D:1      | 1152 ||| READING scroll labelled MOEFAS JEACA.
  1153 | D:1      | 1153 ||| READING scroll labelled JEISTA ADOCUUF.
  1154 | D:1      | 1154 ||| READING 2 scrolls of identify.
  1154 | D:1      | 1154 ||| IDENTIFYING fuming sapphire potion
  1310 | D:2      | Reached XP level 4. HP: 22/28 MP: 4/4
  1311 | D:2      | Reached skill level 4 in Axes
  1866 | D:2      | 1866 ||| READING scroll labelled QURINOR CIMA.
  1867 | D:2      | 1867 ||| READING scroll labelled DIMOIS SACIUB.
  1940 | D:3      | Found a bloodstained altar of Trog.
  1977 | D:3      | 1977 ||| FLEEEEING.
  1978 | D:3      | 1978 ||| FLEEEEING.
  1979 | D:3      | 1979 ||| FLEEEEING.
  1980 | D:3      | 1980 ||| FLEEEEING.
  2017 | D:3      | Found a snail-covered altar of Cheibriados.
  2044 | D:3      | Reached XP level 5. HP: 32/32 MP: 5/5
  2106 | D:3      | 2106 ||| Stepping ~*~*~tactically~*~*~ (hiding).
  2107 | D:3      | 2107 ||| Stepping ~*~*~tactically~*~*~ (hiding).
  2108 | D:3      | 2108 ||| Stepping ~*~*~tactically~*~*~ (hiding).
  2109 | D:3      | 2109 ||| Stepping ~*~*~tactically~*~*~ (hiding).
  2127 | D:3      | 2127 ||| FLEEEEING.
  2131 | D:3      | 2131 ||| STAIRDANCE
  2254 | D:2      | 2254 ||| READING 2 scrolls of identify.
  2254 | D:2      | 2254 ||| IDENTIFYING smoky amethyst potion
  2271 | D:3      | 2271 ||| FLEEEEING.
  2272 | D:3      | 2272 ||| FLEEEEING.
  2273 | D:3      | 2273 ||| FLEEEEING.
  2274 | D:3      | 2274 ||| FLEEEEING.
  2276 | D:3      | 2276 ||| FLEEEEING.
  2277 | D:3      | 2277 ||| STAIRDANCE
  2439 | D:3      | Reached skill level 5 in Axes
  2439 | D:3      | 2439 ||| STAIRDANCE
  2505 | D:3      | 2505 ||| DROPPING +0 whip.
  2606 | D:3      | Found a glowing silver altar of Zin.
  2733 | D:3      | Found a faded altar of an unknown god.
  3058 | D:3      | 3058 ||| UPGRADING to +0 chain mail.
  3068 | D:3      | 3068 ||| DROPPING +0 scale mail.
  3069 | D:3      | 3069 ||| UPGRADING to ring of see invisible.
  3071 | D:3      | 3071 ||| UPGRADING to ring of protection from cold.
  3157 | D:4      | Found a stormy altar of Qazlal.
  3212 | D:4      | 3212 ||| FLEEEEING.
  3214 | D:4      | 3214 ||| FLEEEEING.
  3215 | D:4      | 3215 ||| FLEEEEING.
  3216 | D:4      | 3216 ||| FLEEEEING.
  3217 | D:4      | 3217 ||| FLEEEEING.
  3241 | D:4      | Reached XP level 6. HP: 12/38 MP: 6/6
  3241 | D:4      | HP: 3/38 [orc priest/divine providence (9)]
  3242 | D:4      | 3242 ||| READING scroll of teleportation.
  3243 | D:4      | HP: 1/38 [orc priest/nerve-wracking pain (2)]
  3244 | D:4      | Found a white marble altar of Elyvilon.
  3450 | D:4      | Noticed Edmund
  3462 | D:4      | HP: 9/38 [Edmund/+1 flail of holy wrath (10)]
  3469 | D:4      | HP: 5/38 [Edmund/+1 flail of holy wrath (3)]
  3472 | D:4      | Slain by Edmund

Levels and vault maps discovered:
D:1:      minmay_arrival_open_corners, layout_loops_ring
D:2:      layout_basic, basic_altar, minivault_23
D:3:      layout_basic, cheibriados_altar_1, bloody_trog,
          mainiacjoe_overflow_24_doors, ebering_ecumenical_altar_petrified,
          nrook_uturn
D:4:      layout_rooms, mainiacjoe_overflow_big_doors,
          mainiacjoe_overflow_boulevard, mainiacjoe_overflow_cross_hatched,
          st_stairs_1, uniq_crazy_yiuf_cottage, uniq_pikel, uniq_edmund

Skill      XL: |  1  2  3  4  5 |
---------------+----------------+-----
Axes           | 2 3 4 5 |  5.4
Fighting       | 4 |  4.1
Armour         | |  3.2
Shields        | |  3.2

Action                   |  1- 3 |  4- 6 || total
-------------------------+-------+-------++-------
Melee: War axe           |   100 |   123 ||   223
Throw: Boomerang         |    47 |    22 ||    69
  Use: Scroll            |     7 |     4 ||    11
Armor: Scale mail        |    54 |    41 ||    95
       Chain mail        |       |    11 ||    11
Dodge: Dodged            |    50 |    51 ||   101
Block: Buckler           |    20 |    18 ||    38

Table legend:
 A = Non-vault XP
 B = Vault XP
 C = Vault XP percentage of total XP
 D = Non-vault monster count
 E = Vault monster count
 F = Vault count percentage of total count
                 A         B        C        D         E       F
            +---------+---------+-------+---------+---------+-------
      Total |     394 |       0 |   0.0 |      76 |       0 |   0.0
            +---------+---------+-------+---------+---------+-------
        D:1 |      43 |       0 |   0.0 |      27 |       0 |   0.0
        D:2 |     106 |       0 |   0.0 |      19 |       0 |   0.0
        D:3 |     116 |       0 |   0.0 |      24 |       0 |   0.0
        D:4 |     129 |       0 |   0.0 |       6 |       0 |   0.0
            +---------+---------+-------+---------+---------+-------
